 Dungeon Crawl Stone Soup version 0.30.0-29-ga12c61a403 (webtiles) character file.

Game seed: 14210412861479904644

351 Bnni the Digger (level 6, -11/47 HPs)
             Began as a Formicid Earth Elementalist on June 23, 2023.
             Mangled by an orc
             ... wielding a +2 whip of electrocution
              (13 damage)
             ... on level 7 of the Dungeon.
             The game lasted 00:05:30 (2978 turns).

Bnni the Digger (Formicid Earth Elementalist)       Turns: 2978, Time: 00:05:31

Health: -11/47     AC:  6    Str: 12    XL:     6   Next: 93%
Magic:  10/10      EV: 11    Int: 17    God:
Gold:   168        SH:  0    Dex: 14    Spells: 8/11 levels left

rFire   . . .        k - +3 mace (venom)
rCold   . . .        (no shield)
rNeg    . . .        p - +3 leather armour
rPois   .            (helmet unavailable)
rElec   .            (no cloak)
rCorr   .            (no gloves)
SInv    +            (no boots)
Will    +....        (no amulet)
Stlth   ++           o - ring of willpower
HPRegen 0.27/turn    (no ring)
MPRegen 0.12/turn

%: no passive effects
@: no status effects
A: permanent stasis, dig shafts and tunnels, antennae 3, four strong arms
a: Dig, Shaft Self


You were on level 7 of the Dungeon.
You visited 1 branch of the dungeon, and saw 5 of its levels.

You collected 168 gold pieces.

Inventory:

Hand Weapons
 k - a +3 mace of venom (weapon)
Missiles
 m - a boomerang of dispersal
 n - 6 poisoned darts
Armour
 p - a +3 leather armour (worn)
 s - a +0 plate armour
Jewellery
 g - a ring of ice
 o - a ring of willpower (left hand)
Wands
 q - a wand of roots (7)
 r - a wand of flame (8)
Scrolls
 a - a scroll of identify
 d - 2 scrolls of fog {unknown}
 i - a scroll of teleportation {unknown}
 j - 3 scrolls of enchant armour
Potions
 b - a potion of magic
 c - 2 potions of flight
 f - a potion of brilliance
 h - a potion of degeneration {unknown}
 l - a potion of cancellation


   Skills:
 * Level 3.3 Fighting
 + Level 1.1 Armour
 - Level 1.7 Dodging
 - Level 2.4 Stealth
 + Level 3.0 Spellcasting
 * Level 2.4 Conjurations
 - Level 3.0 Transmutations
 * Level 5.1 Earth Magic


You had 8 spell levels left.
You knew the following spells:

 Your Spells              Type           Power      Damage    Failure   Level
a - Sandblast             Erth           40%        2d10      2%          1
b - Passwall              Tmut/Erth      13%        N/A       6%          2

Your spell library contained the following spells:

 Spells                   Type           Power      Damage    Failure   Level
 Sting                    Tmut/Pois      28%        1d4       12%         1
 Shock                    Conj/Air       24%        1d4       14%         1
 Stone Arrow              Conj/Erth      30%        3d8       14%         3
 Slow                     Hex            8%         N/A       22%         1
 Poisonous Vapours        Pois/Air       4%         N/A       32%         2
 Petrify                  Tmut/Erth      16%        N/A       38%         4
 Confusing Touch          Hex            2%         N/A       54%         3
 Vampiric Draining        Necr           2%         2d6       54%         3
 Airstrike                Air            1%         2d(1-17)  91%         4
 Olgreb's Toxic Radiance  Pois           2%         N/A       91%         4
 Swiftness                Air            Unusable   N/A       N/A         3

Dungeon Overview and Level Annotations

Branches:
Dungeon (4/15)
 Temple: D:4-7

Altars:
Trog

Shops:
D:3 ?


Innate Abilities, Weirdness & Mutations

You cannot be hasted, slowed, berserked, paralysed or teleported.
You can dig through walls and to a lower floor.
You have a pair of large antennae on your head. (SInv)
Your four strong arms can wield two-handed weapons with a shield.


Message History

You kill the orc wizard!
Training target 3.0 for Transmutations reached!
Your Fighting skill increases to level 3!
Your Transmutations skill increases to level 3!
You hit the sky beast.
The sky beast is poisoned.
The sky beast is lightly wounded.
The sky beast hits you but does no damage.
The sky beast flickers out of sight for a moment.
The sky beast barely misses you.
You hit the sky beast.
The sky beast looks as sick as possible!
The sky beast is moderately wounded.
The sky beast barely misses you.
You hit the sky beast.
The sky beast looks as sick as possible!
The sky beast is almost dead.
The sky beast hits you. The sky beast shocks you.
Unknown command.
You closely miss the sky beast.
The sky beast is almost dead.
You kill the sky beast!
The orc priest invokes the aid of Beogh against you.
Beogh smites you!
The orc hits you with a +2 whip of electrocution.
Your Armour skill increases to level 1!
Your Spellcasting skill increases to level 3!
Your Earth Magic skill increases to level 5!
You hit the orc but do no damage. The orc barely misses you.
Unknown command.
You hit the orc.
The orc is poisoned.
The orc is moderately wounded.
The orc hits you with a +2 whip of electrocution.
You are electrocuted!
The orc priest calls down the wrath of Beogh upon you.
Beogh smites you!
* * * LOW HITPOINT WARNING * * *
The orc hits you with a +2 whip of electrocution.
* * * LOW HITPOINT WARNING * * *
You are electrocuted!
You die...

.## ###.....#........#.
.# #....##.........#...
## #....#......#....... #
##...................
#.......##...#..#....
#......................
#.....#####.....##......
#..#####...#####o........
###...
..._...@ooo........ ....#
##...#####.......#. ....#
## ........... ....#
.{##......Z.. .....# #...
#.. ..#...##..
.....##.... ## ..##..o..
. ...#......# .. ......
...#.....# /.. ......
.........#


You could see an orc priest and 3 orcs.

Vanquished Creatures
  An orc warrior (D:7)
  A sky beast (D:7)
  Ijyb (D:3)
  An orc wizard (D:7)
  Robin (D:3)
  A gnoll (D:1)
  3 adders
  2 dart slugs
  3 orcs (D:7)
  8 ball pythons
  4 bats (D:2)
  7 endoplasms
  4 giant cockroaches
  14 goblins
  7 hobgoblins
  A quokka (D:1)
  A frilled lizard (D:1)
  4 kobolds
  4 rats
68 creatures vanquished.

Notes
Turn   | Place    | Note
-------+----------+-------------------------------------------
     0 | D:1      | Bnni the Formicid Earth Elementalist began the quest for
                  | the Orb.
     0 | D:1      | Reached XP level 1. HP: 13/13 MP: 3/3
   143 | D:1      | Reached XP level 2. HP: 18/20 MP: 3/5
   602 | D:1      | Learned a level 2 spell: Passwall
   657 | D:1      | Reached skill level 1 in Fighting
   657 | D:1      | Reached XP level 3. HP: 26/26 MP: 4/6
  1022 | D:1      | Reached skill level 1 in Conjurations
  1022 | D:1      | Reached skill level 4 in Earth Magic
  1371 | D:2      | Reached XP level 4. HP: 33/33 MP: 3/7
  1465 | D:2      | Found a faded altar of an unknown god.
  1919 | D:3      | Noticed Robin
  2153 | D:3      | Killed Robin
  2225 | D:3      | Reached XP level 5. HP: 38/38 MP: 4/8
  2298 | D:3      | Noticed Ijyb
  2303 | D:3      | Killed Ijyb
  2457 | D:3      | Found Geomicoi's Magic Scroll Shoppe.
  2615 | D:3      | Identified the +3 war axe of the Tundras {drain, rElec
                  | rPois rF- Str+6}
  2772 | D:4      | You fall into a shaft and drop 3 floors!
  2805 | D:7      | Noticed an orc warrior
  2835 | D:7      | Killed an orc warrior
  2836 | D:7      | Reached XP level 6. HP: 35/46 MP: 8/10
  2963 | D:7      | Noticed a sky beast
  2966 | D:7      | Found a bloodstained altar of Trog.
  2966 | D:7      | Noticed a centaur warrior zombie
  2976 | D:7      | Killed a sky beast
  2977 | D:7      | Reached skill level 1 in Armour
  2977 | D:7      | Reached skill level 5 in Earth Magic
  2978 | D:7      | HP: 2/47 [orc/+2 whip of electrocution (2)]
  2978 | D:7      | Mangled by an orc

Illustrated notes

Levels and vault maps discovered:
D:1:      dpeg_arrival_stonehenge_8_columns, layout_loops_corners, minivault_19,
          minmay_tetromino_s4
D:2:      layout_basic, chequers_ecumenical_altar_simple, kennysheep_potato
D:3:      layout_rooms, serial_shops, nicolae_square_shop, uniq_robin, uniq_ijyb
D:4:      layout_cave_pods
D:7:      cheibrodos_grave_circle, layout_layer_cave,
          mainiacjoe_overflow_surrounded_room, dk_vineyard_3,
          minmay_fire_ice_demons

Skill      XL: |  1  2  3  4  5  6 |
---------------+-------------------+-----
Fighting       | 1 2 3 |  3.3
Conjurations   | 1 2 |  2.4
Earth Magic    | 4 5 |  5.1
Transmutations | 2 3 |  3.0
Armour         | 1 |  1.1
Spellcasting   | 3 |  3.0
Dodging        | |  1.7
Stealth        | |  2.4

Action                     |  1- 3 |  4- 6 || total
---------------------------+-------+-------++-------
  Melee: Dagger            |     2 |       ||     2
         Whip              |    12 |     1 ||    13
         Punch             |     1 |     1 ||     2
         Unarmed           |       |     8 ||     8
         Mace              |       |     9 ||     9
  Throw: Dart              |       |     3 ||     3
   Cast: Sandblast         |    36 |    50 ||    86
  Evoke: Wand              |       |     1 ||     1
    Use: Scroll            |       |     7 ||     7
         Potion            |       |     2 ||     2
 Armour: Robe              |     2 |    14 ||    16
         Skin              |       |    11 ||    11
         Leather armour    |       |     6 ||     6
  Dodge: Dodged            |    19 |    30 ||    49
